 Dungeon Crawl Stone Soup version 0.32-a0-30-gefbe487952 (webtiles) character file.

Game seed: 850085246612395624

6887 Curundu the Severer (level 10, 0/78 HPs)
             Began as a Minotaur Berserker on Jan 19, 2024.
             Was an Elder of Trog.
             Slain by a chaos spawn (11 damage)
             ... summoned by a kobold demonologist
             ... on level 10 of the Dungeon.
             The game lasted 00:28:59 (9816 turns).

Curundu the Severer (Minotaur Berserker)            Turns: 9816, Time: 00:29:00

Health: 0/78       AC: 13    Str: 26    XL:     10   Next: 79%
Magic:  9/9        EV:  6    Int:  4    God:    Trog [****..]
Gold:   306        SH:  7    Dex: 10    Spells: 9/9 levels left

rFire   . . .        a - +1 war axe
rCold   . . .        e - +1 kite shield
rNeg    . . .        x - +0 plate armour
rPois   .            (helmet restricted)
rElec   .            r - +0 cloak
rCorr   .            j - +0 pair of gloves
SInv    .            (no boots)
Will    .....        (no amulet) Stlth
                     (no ring)
HPRegen 0.33/turn    (no ring)
MPRegen 0.11/turn

%: no passive effects
@: no status effects
A: horns 2, retaliatory headbutt
a: Renounce Religion, Berserk, Trog's Hand, Brothers in Arms


You were on level 10 of the Dungeon.
You worshipped Trog.
Trog was greatly pleased with you.
You visited 1 branch of the dungeon, and saw 10 of its levels.

You collected 514 gold pieces.
You spent 208 gold pieces at shops.

Inventory:

Hand Weapons
 a - a +1 war axe (weapon)
Missiles
 i - a throwing net
 s - 5 silver javelins
Armour
 e - a +1 kite shield (worn)
 j - a +0 pair of gloves (worn)
 r - a +0 cloak (worn)
 t - a +2 chain mail of poison resistance
 x - a +0 plate armour (worn)
Jewellery
 y - a ring of positive energy
Wands
 o - a wand of flame (26) (quivered)
 A - a wand of acid (6)
Scrolls
 b - 5 scrolls of enchant weapon
 d - a scroll of torment
 n - 3 scrolls of silence
 q - 2 scrolls of poison
 u - 4 scrolls of teleportation
 v - a scroll of blinking
 z - 3 scrolls of immolation
 B - 2 scrolls of fear
 D - a scroll of identify
Potions
 c - 8 potions of curing
 f - 2 potions of brilliance
 g - 2 potions of heal wounds {unknown}
 h - 2 potions of resistance
 k - 2 potions of lignification
 l - a potion of attraction {unknown}
 m - 2 potions of degeneration {unknown}
 p - 2 potions of enlightenment {unknown}
 w - a potion of haste {unknown}
 C - a potion of might {unknown}


   Skills:
 - Level 3.6 Fighting
 + Level 19.3 Axes
 - Level 2.4 Armour
 - Level 2.2 Dodging


You had 9 spell levels left.
You didn't know any spells.
Your spell library was empty.

Dungeon Overview and Level Annotations

Branches:
Dungeon (10/15)            Temple (0/1) D:7
   Lair: D:8-11         Orc: D:9-12

Altars:
Ashenzari
Elyvilon
Gozag
Hepliaklqana
Makhleb
Nemelex Xobeh
Okawaru
Ru
Sif Muna
Trog
Xom
Yredelemnul
Zin
The Shining One

Shops:
D:7 :([!(   D:8 (


Innate Abilities, Weirdness & Mutations

You have a pair of horns on your head.
You reflexively headbutt those who attack you in melee.


Message History

You hit the smoke demon but do no damage.
You miss the ufetubus. You hit the ynoxinul but do no damage.
You barely miss the ufetubus. The ufetubus slips past you!
The ufetubus hits you.
The ufetubus hits you but does no damage.
The ufetubus barely misses you. You block the ufetubus's attack.
The ynoxinul hits you! The smoke demon hits you.
You block the smoke demon's attack. x2
You closely miss the kobold demonologist.
The kobold demonologist is severely wounded.
You hit the ynoxinul. You hit the ufetubus. You barely miss the smoke demon.
You barely miss the ufetubus.
The ufetubus hits you but does no damage.
The ufetubus barely misses you.
The ufetubus hits you but does no damage. x2
The kobold demonologist looks encouraged for a moment.
The ufetubus hits you but does no damage. x2
You block the ynoxinul's attack. You block the smoke demon's attack.
The smoke demon barely misses you. The smoke demon hits you.
You slash the kobold demonologist!
The kobold demonologist is almost dead.
You barely miss the chaos spawn.
You hit the smoke demon but do no damage.
You barely miss the ufetubus. You slash the ynoxinul!
The kobold demonologist closely misses you.
You furiously retaliate!
You headbutt the kobold demonologist.
The ufetubus hits you but does no damage.
The ufetubus hits you.
You miss the kobold demonologist.
The kobold demonologist is almost dead.
You barely miss the chaos spawn. You hit the smoke demon.
You closely miss the ufetubus. You hit the ynoxinul but do no damage.
The smoke demon gestures at you. Something smites you!
The ynoxinul gestures.
The kobold demonologist hits you with a +0 dagger.
The chaos spawn releases spores at you!
* * * LOW HITPOINT WARNING * * *
The chaos spawn freezes you!
You die...

#........#
###'######
#.....#
########'####
#..$........#
#...........#
#...........#
#..5...3....#
#....3@5....#
#....4K.....#
+...5.5.....#
#...........#
#############


You could see a kobold demonologist, a smoke demon (summoned), a ynoxinul
(summoned), a chaos spawn (summoned) and 4 ufetubi.

Vanquished Creatures
  The ghost of cforsyth the Trooper, a novice OnSh (D:6)
  A hornet (D:9)
  Prince Ribbit (D:6)
  6 yaks
  3 wyverns
  4 steam dragons
  Edmund (D:6)
  2 water moccasins (D:7)
  3 orc warriors
  6 ice beasts
  4 ogres
  4 centaurs
  A phantom (D:5)
  3 kobold brigands
  2 bullfrogs
  A gnoll sergeant (D:8)
  3 scorpions
  3 wights (D:8)
  10 killer bees (D:9)
  3 howler monkeys
  A bombardier beetle (D:7)
  A crimson imp (D:3)
  3 orc priests
  4 hounds
  Crazy Yiuf (D:5)
  2 jellies (D:5)
  A gnoll bouda (D:7)
  10 orc wizards
  2 sleepcaps
  10 gnolls
  4 adders
  A shadow imp (D:6)
  2 white imps
  5 ufetubi
  25 orcs
  4 ball pythons
  8 endoplasms
  2 giant cockroaches
  5 goblins
  5 hobgoblins
  6 jackals
  5 quokkas
  5 bats
  4 frilled lizards
  2 goblin skeletons (D:3)
  A goblin zombie (D:3)
  4 hobgoblin zombies (D:3)
  13 kobolds
  A kobold skeleton (D:3)
  A kobold zombie (D:3)
  5 rats
205 creatures vanquished.

Notes
Turn   | Place    | Note
-------+----------+-------------------------------------------
     0 | D:1      | Curundu the Minotaur Berserker began the quest for the Orb.
     0 | D:1      | Reached XP level 1. HP: 19/19 MP: 0/0
   160 | D:1      | Reached skill level 4 in Axes
   450 | D:1      | Reached XP level 2. HP: 27/27 MP: 1/1
  1567 | D:2      | Reached skill level 5 in Axes
  1567 | D:2      | Reached XP level 3. HP: 26/33 MP: 2/2
  1665 | D:2      | Found a faded altar of an unknown god.
  1689 | D:2      | Reached ** piety under Trog
  1936 | D:3      | Found a glowing golden altar of the Shining One.
  1942 | D:3      | Reached skill level 6 in Axes
  1942 | D:3      | Reached XP level 4. HP: 38/40 MP: 3/3
  2253 | D:3      | Found a shimmering altar of Xom.
  2255 | D:3      | Found a basalt altar of Yredelemnul.
  2257 | D:3      | Found a white marble altar of Elyvilon.
  2257 | D:3      | Found a burning altar of Makhleb.
  2459 | D:3      | Found an iron altar of Okawaru.
  2842 | D:4      | Reached XP level 5. HP: 46/46 MP: 4/4
  2867 | D:4      | Reached skill level 7 in Axes
  2962 | D:4      | Reached skill level 8 in Axes
  3021 | D:4      | Reached XP level 6. HP: 52/52 MP: 5/5
  3481 | D:5      | Entered Level 5 of the Dungeon
  3675 | D:5      | Reached skill level 9 in Axes
  3835 | D:5      | Found a broken altar of Ashenzari.
  3910 | D:5      | Reached XP level 7. HP: 58/58 MP: 6/6
  3974 | D:5      | Reached *** piety under Trog
  3975 | D:5      | Reached skill level 10 in Axes
  4156 | D:5      | Found a runed translucent door.
  4157 | D:5      | Noticed Crazy Yiuf
  4163 | D:5      | Killed Crazy Yiuf
  4385 | D:5      | Found a hazy altar of Hepliaklqana.
  4713 | D:6      | Found a runed translucent gate.
  4713 | D:6      | Found a runed translucent gate.
  4715 | D:6      | Found a runed translucent gate.
  4716 | D:6      | Noticed cforsyth's ghost (novice OnSh)
  4771 | D:6      | Noticed a yak
  4772 | D:6      | Noticed a yak
  4772 | D:6      | Noticed a yak
  4774 | D:6      | Noticed a yak
  4780 | D:6      | Killed a yak
  4781 | D:6      | Reached skill level 11 in Axes
  4785 | D:6      | Killed a yak
  4786 | D:6      | Reached XP level 8. HP: 66/66 MP: 7/7
  4790 | D:6      | Reached skill level 12 in Axes
  4868 | D:6      | Noticed Edmund
  4882 | D:6      | Killed Edmund
  4883 | D:6      | Reached skill level 13 in Axes
  4972 | D:6      | You fall into a shaft and drop 1 floor!
  5021 | D:7      | Found a staircase to the Ecumenical Temple.
  5259 | D:6      | Reached skill level 14 in Axes
  5318 | D:6      | Noticed Prince Ribbit
  5331 | D:6      | Killed Prince Ribbit
  5332 | D:6      | Reached XP level 9. HP: 53/71 MP: 8/8
  5904 | D:6      | Reached skill level 15 in Axes
  5914 | D:6      | Killed cforsyth's ghost
  5919 | D:6      | Reached skill level 16 in Axes
  6174 | D:7      | Found Xoirhux's Weapon Shop.
  6266 | D:7      | Found Xiheinai's Antique Weapon Shoppe.
  6493 | D:7      | Reached skill level 17 in Axes
  6494 | D:7      | Reached XP level 10. HP: 64/78 MP: 9/9
  6763 | D:7      | Found Riesh's Book Emporium.
  6802 | D:7      | Found Kung's Armour Boutique.
  6813 | D:7      | Found Miffaeda's Distillery.
  7045 | D:7      | Bought a potion of curing for 39 gold pieces
  7045 | D:7      | Bought a potion of lignification for 39 gold pieces
  7045 | D:7      | Bought a potion of resistance for 130 gold pieces
  7171 | D:8      | Found Kipor's Antique Weapon Emporium.
  7219 | D:8      | Found a bloodstained altar of Trog.
  7716 | D:8      | Found a shimmering blue altar of Sif Muna.
  7869 | D:8      | Found an opulent altar of Gozag.
  7982 | D:8      | Reached skill level 18 in Axes
  8170 | D:9      | Found a sacrificial altar of Ru.
  8223 | D:9      | Reached **** piety under Trog
  8752 | D:9      | Reached skill level 19 in Axes
  8975 | D:9      | Found a glowing silver altar of Zin.
  9592 | D:10     | Entered Level 10 of the Dungeon
  9614 | D:10     | Found a sparkling altar of Nemelex Xobeh.
  9806 | D:10     | Noticed a smoke demon
  9816 | D:10     | Slain by a chaos spawn

Illustrated notes

Levels and vault maps discovered:
D:1:      ncdulo_smallfort, layout_basic, roderic_serpentine_path
D:2:      layout_loops_corners, hellmonk_ecumenical_altar_leap_of_faith,
          corexii_item_surrounded_by_moat, cheibrodos_gnoll_hut
D:3:      layout_basic, nicolae_tso_besieged_by_evil,
          grunt_temple_overflow_open, hellmonk_okawaru_the_only_friend_you_need
D:4:      layout_gridville
D:5:      layout_basic, nicolae_ashenzari_skybound, nzn_hepliaklqana_mist_gate,
          minmay_starry_boxes, uniq_crazy_yiuf_cottage
D:6:      layout_loops_ring, gammafunk_ghost_split, uniq_prince_ribbit1,
          uniq_edmund
D:7:      layout_loops_corners, minmay_temple_entry_grid, serial_shops,
          nicolae_shop_just_a_little_nook, nicolae_shop_real_fake_doors,
          nicolae_shop_peninsula, shop, shop, grunt_ministairs_12
D:8:      layout_rooms, led_sif_book, mainiacjoe_overflow_24_doors,
          grunt_gozag_statues, serial_shops, shop
D:9:      minmay_inner_zag, layout_stronghold,
          nicolae_ru_great_annihilating_truth, zin_academy
D:10:     layout_roguey, nicolae_overflow_crystal_walls, kennysheep_mini,
          dpeg_lair_monsters, ebering_ghost_funeral_grove

Skill      XL: |  1  2  3  4  5  6  7  8  9 10 |
---------------+-------------------------------+-----
Axes           | 4 5 6 8 9 11 14 17 19 | 19.3
Fighting       | |  3.6
Armour         | |  2.4
Dodging        | |  2.2

Action                     |  1- 3 |  4- 6 |  7- 9 | 10-12 || total
---------------------------+-------+-------+-------+-------++-------
  Melee: Hand axe          |    26 |       |       |       ||    26
         Headbutt          |     4 |    16 |    32 |    25 ||    77
         War axe           |    29 |    86 |   196 |   201 ||   512
 Invoke: Trog's Hand       |       |     1 |     6 |     5 ||    12
         Berserk           |       |     1 |     4 |     1 ||     6
  Evoke: Wand              |       |       |       |     5 ||     5
    Use: Scroll            |     2 |     5 |     5 |     2 ||    14
   Stab: Paralysed         |       |       |       |     1 ||     1
 Armour: Animal skin       |    13 |       |       |       ||    13
         Ring mail         |    12 |       |       |       ||    12
         Chain mail        |     7 |    55 |   131 |    91 ||   284
         Plate armour      |       |       |       |   102 ||   102
  Dodge: Dodged            |    30 |    39 |    48 |    65 ||   182
  Block: Kite shield       |    16 |    33 |    52 |    77 ||   178

Table legend: (Time is in decaauts)
 A = Elapsed time spent in this place.
 B = Non-inter-level travel time spent in this place.
 C = Inter-level travel time spent in this place.
 D = Time resting spent in this place.
 E = Time spent auto-exploring this place.
 F = Levels seen in this place.
 G = Mean time per level.
                   A        B        C        D        E       F      G
               +--------+--------+--------+--------+--------+-----+--------+
         Total |   9836 |   9836 |      0 |    641 |   7160 |  10 |  983.6 |
       Dungeon |   9836 |   9836 |      0 |    641 |   7160 |  10 |  983.6 |
               +--------+--------+--------+--------+--------+-----+--------+

Top non-repeatable levels by time:
     D:9: 1424 daAuts
     D:6: 1277 daAuts
     D:7: 1264 daAuts
     D:5: 1147 daAuts
     D:8: 987 daAuts
     D:1: 969 daAuts
     D:2: 919 daAuts
     D:4: 871 daAuts
     D:3: 754 daAuts
    D:10: 221 daAuts
